 Dungeon Crawl Stone Soup version 0.28.0-53-g5a82cb258f (webtiles) character file.

Game seed: 8860534836730523178

93 Stomo the Skirmisher (level 4, 0/40 HPs)
             Began as a Draconian Monk on July 13, 2022.
             Succumbed to a kobold brigand's poison
             ... on level 3 of the Dungeon.
             The game lasted 00:01:57 (2251 turns).

Stomo the Skirmisher (Draconian Monk)               Turns: 2251, Time: 00:01:57

Health: 0/40       AC:  5    Str: 15    XL:     4   Next: 37%
Magic:  4/4        EV: 13    Int: 11    God:
Gold:   109        SH:  0    Dex: 13    Spells: 3/3 levels left

rFire   . . .      SeeInvis .   a - +0 mace
rCold   . . .      Faith    .   (no shield)
rNeg    . . .      Spirit   .   (armour unavailable)
rPois   .          Reflect  .   (helmet restricted)
rElec   .          Harm     .   (no cloak)
rCorr   .          Rampage  .   (no gloves)
Will    .....                   (no boots)
Stlth   ++........              (no amulet)
HPRegen 0.13/turn               (no ring)
MPRegen 0.09/turn               (no ring)

@: lethally poisoned (0 -> -5)
A: AC +5, unfitting armour, cold-blooded
a: no special abilities


You were on level 3 of the Dungeon.
You visited 1 branch of the dungeon, and saw 3 of its levels.

You collected 109 gold pieces.

Inventory:

Hand Weapons
 a - a +0 mace (weapon)
Scrolls
 c - a scroll of teleportation
 e - a scroll of torment
 g - a scroll of fear
 h - 2 scrolls of amnesia
Potions
 b - a potion of haste


   Skills:
 + Level 4.2 Fighting
 + Level 3.8 Maces & Flails
 + Level 3.5 Dodging
 - Level 1.7 Stealth


You had 3 spell levels left.
You didn't know any spells.
Your spell library contained the following spells:

 Spells                   Type           Power      Damage    Failure   Level
 Summon Forest            Summ/Tloc      0%         N/A       100%        5
 Eringya's Noxious Bog    Tmut/Pois      0%         N/A       100%        6
 Summon Hydra             Summ           0%         N/A       100%        7


Dungeon Overview and Level Annotations

Branches:
Dungeon (3/15)

Altars:

Shops:
D:2 !


Innate Abilities, Weirdness & Mutations

Your plain brown scales are hard. (AC +5)
You cannot fit into any form of body armour.
You are cold-blooded and may be slowed by cold attacks.


Message History

You are too injured to fight recklessly!
You are too injured to fight recklessly!
You are too injured to fight recklessly!
You are too injured to fight recklessly!
You are too injured to fight recklessly!
The kobold brigand throws a poisoned dart.
The poisoned dart hits you!
You are poisoned.
You feel very sick.
Items here: )))) †.
You feel sick.
Things that are here:
a +0 club; a +0 club; a kobold corpse You feel sick.
As you read the scroll labelled RIODUG ZACO, it crumbles to dust.
You feel strangely unstable.
It was a scroll of teleportation.
You feel sick. The kobold hits you with a +0 club.
* * * LOW HITPOINT WARNING * * *
Unknown command.
You feel sick.
Unknown command.
You feel sick.
You feel sick.
The kobold brigand throws a poisoned dart.
The poisoned dart hits you!
You are lethally poisoned!
Your surroundings suddenly seem different.
* * * LOW HITPOINT WARNING * * *
You feel sick.
Unknown command.
* * * LOW HITPOINT WARNING * * *
You feel sick.
It was a potion of cancellation.
You feel magically purged.
* * * LOW HITPOINT WARNING * * *
You feel sick.
Unknown command.
Okay, then.
Okay, then.
A kobold brigand comes into view.
It is wielding a +0 dagger of draining and quivering poisoned darts.
You die...

#..##### #.#.
..## #.#.
##.. #.#.
#..# #.#.
#..# #.#<
#..#
########.#.
#..#
#.?......#.
##..#
#.########.
#.@## #.# #.
#..#≈≈≈≈#.#
#####.
#..##≈≈≈#.#
#..... #.#
##..
≈≈#.####)####
#.# #..
##......# #.#
##.. ######.#
#.# .. #.#
#.# K.# #.#
#.#####
#######.#


You could see a kobold brigand (wandering).

Vanquished Creatures
  Jessica (D:2)
  An adder (D:2)
  2 worms (D:2)
  A dart slug (D:1)
  3 ball pythons
  5 endoplasms
  2 giant cockroaches
  4 goblins
  5 hobgoblins
  A jackal (D:1)
  4 quokkas
  A bat (D:1)
  4 frilled lizards
  10 kobolds
  7 rats
51 creatures vanquished.

Notes
Turn   | Place    | Note
-------+----------+-------------------------------------------
     0 | D:1      | Stomo the Draconian Monk began the quest for the Orb.
     0 | D:1      | Reached XP level 1. HP: 19/19 MP: 1/1
   225 | D:1      | Reached XP level 2. HP: 25/26 MP: 2/2
  1080 | D:2      | Reached XP level 3. HP: 30/33 MP: 3/3
  1133 | D:2      | Found Tasiux's Distillery.
  1398 | D:2      | Noticed Jessica
  1405 | D:2      | Killed Jessica
  1406 | D:2      | Reached skill level 4 in Fighting
  1406 | D:2      | Reached XP level 4. HP: 40/40 MP: 4/4
  2231 | D:3      | Noticed a kobold brigand
  2249 | D:3      | HP: 2/40 [poisoned by a kobold brigand]
  2251 | D:3      | Noticed a kobold brigand
  2251 | D:3      | Succumbed to a kobold brigand's poison

Illustrated notes

Levels and vault maps discovered:
D:1:      minmay_arrival_semitransparent, layout_rooms, minmay_hexomino_c4
D:2:      layout_basic, serial_shops, shop, interstate_on_off, uniq_jessica
D:3:      cheibrodos_thug_alley, layout_loops_ring, old_standard_altar,
          chequers_ecumenical_altar_island

Skill      XL: |  1  2  3 |
---------------+----------+-----
Dodging        | 3 |  3.5
Fighting       | 4 |  4.2
Maces & Flails | |  3.8
Stealth        | |  1.7

Action                   |  1- 3 |  4- 6 || total
-------------------------+-------+-------++-------
Melee: Mace              |   116 |    46 ||   162
       Tailslap          |    12 |     4 ||    16
       Punch             |     1 |       ||     1
  Use: Scroll            |     6 |     2 ||     8
       Potion            |       |     1 ||     1
 Stab: Sleeping          |     9 |     1 ||    10
       Distracted        |       |     1 ||     1
Armor: Skin              |    16 |    13 ||    29
Dodge: Dodged            |    80 |    40 ||   120
